 Dungeon Crawl Stone Soup version 0.30.1-1-g62c8e00024 (webtiles) character file.

Game seed: 4805186021700988443

55 7w4c the Caller (level 3, -4/25 HPs)
             Began as a Demonspawn Summoner on July 17, 2023.
             Was a High Priest of Ignis.
             Slain by a gnoll
             ... wielding a +3 flail
              (7 damage)
             ... on level 2 of the Dungeon.
             The game lasted 00:04:09 (1319 turns).

7w4c the Caller (Demonspawn Summoner)               Turns: 1319, Time: 00:04:09

Health: -4/25      AC:  3    Str:  8    XL:     3   Next: 67%
Magic:  6/7        EV: 12    Int: 18    God:    Ignis [*****.]
Gold:   79         SH:  0    Dex: 13    Spells: 1/7 levels left

rFire   + . .        c - +0 club
rCold   . . .        (no shield)
rNeg    . . .        a - +1 robe
rPois   .            (no helmet)
rElec   .            (no cloak)
rCorr   .            (no gloves)
SInv    .            (no boots)
Will    .....        (no amulet)
Stlth   ++           (no ring)
HPRegen 0.24/turn    (no ring)
MPRegen 0.10/turn

%: no passive effects
@: no status effects
A: hooves 1, spiny 1
a: Renounce Religion, Fiery Armour, Foxfire Swarm, Rising Flame


You were on level 2 of the Dungeon.
You worshipped Ignis.
Ignis was extremely pleased with you.
You visited 1 branch of the dungeon, and saw 2 of its levels.

You collected 79 gold pieces.

Inventory:

Hand Weapons
 c - a +0 club (weapon)
Armour
 a - a +1 robe (worn)
Scrolls
 f - a scroll of identify {unknown}
Potions
 b - a potion of magic
 e - a potion of curing {unknown}
 g - a potion of flight {unknown}


   Skills:
 + Level 0.7 Fighting
 + Level 1.8 Dodging
 + Level 1.9 Stealth
 + Level 2.7 Spellcasting
 + Level 4.7 Summonings


You had one spell level left.
You knew the following spells:

 Your Spells              Type           Power      Damage    Failure   Level
a - Summon Small Mammal   Summ           76%        N/A       2%          1
b - Call Imp              Summ           38%        N/A       3%          2
c - Call Canine Familiar  Summ           19%        N/A       8%          3

Your spell library contained the following spells:

 Spells                   Type           Power      Damage    Failure   Level
 Summon Guardian Golem    Hex/Summ       10%        N/A       19%         3
 Summon Lightning Spire   Summ/Air       10%        N/A       54%         4


Dungeon Overview and Level Annotations

Branches:
Dungeon (2/15)

Altars:
Ignis


Innate Abilities, Weirdness & Mutations

You have large cloven feet.
You are partially covered in sharp spines.


Message History

The adder bites your quokka but does no damage.
Your quokka bites the adder.
Your bat barely misses the adder.
The adder barely misses your quokka.
Your quokka bites the adder.
The adder dies!
Your bat disappears in a puff of smoke!
Your quokka disappears in a puff of smoke!
You now have 59 gold pieces (gained 13).
g - a clear potion You now have 79 gold pieces (gained 20).
You see here a +0 club.
There is a stone staircase leading down, spattered with blood here.
Found 5 poisoned darts.
You see here 5 poisoned darts.
A gnoll comes into view. It is wielding a +3 flail.
The gnoll shouts!
You hear a shout!
You swap places.
Your rat bites the gnoll.
The gnoll hits your rat with a +3 flail!
Your rat dies!
Your rat's corpse disappears in a puff of smoke!
Your rat barely misses the gnoll.
The gnoll hits you with a +3 flail!
Your rat bites the gnoll but does no damage.
The gnoll is struck by your spines. The gnoll closely misses you.
Your rat barely misses the gnoll.
The gnoll is struck by your spines. The gnoll hits you with a +3 flail!
Your rat bites the gnoll but does no damage.
The gnoll hits you with a +3 flail!
* * * LOW HITPOINT WARNING * * *
Your rat bites the gnoll.
The gnoll hits your rat with a +3 flail!
Your rat dies!
Your rat's corpse disappears in a puff of smoke!
As you read the scroll labelled JYUMEI KELOITZ, it crumbles to dust.
It is a scroll of enchant armour.
Your +0 robe glows green for a moment.
The gnoll is struck by your spines. The gnoll closely misses you.
Unknown command.
A gnoll comes into view. It is wielding a +0 spear.
The gnoll attacks as you move away! The gnoll hits you with a +3 flail!
You die...

###########
#...g@....#
#g#######.# #.
#.# ###
#.#######.##
#..
...........#
#.#
#.###.###..#
#.# ..
#...##..###.###
#.
..............#
#...#######.#.#
#


You could see 2 gnolls.

Vanquished Creatures
  An endoplasm (D:1)
  2 quokkas
  2 ball pythons (D:1)
  2 goblins
  A rat (D:1)
8 creatures vanquished.

Vanquished Creatures (collateral kills)
  A gnoll (D:1)
  An adder (D:2)
  2 dart slugs
  A bat (D:2)
  2 endoplasms (D:1)
  4 goblins (D:1)
  A hobgoblin (D:1)
  3 ball pythons (D:1)
  3 frilled lizards
  5 kobolds
  A rat (D:1)
24 creatures vanquished.

Grand Total: 32 creatures vanquished

Notes
Turn   | Place    | Note
-------+----------+-------------------------------------------
     0 | D:1      | 7w4c the Demonspawn Summoner began the quest for the Orb.
     0 | D:1      | Reached XP level 1. HP: 13/13 MP: 3/3
   159 | D:1      | Found a faded altar of an unknown god.
   176 | D:1      | Gained mutation: You are partially covered in sharp spines.
                  | [demonic ancestry]
   176 | D:1      | Reached XP level 2. HP: 19/20 MP: 5/5
   179 | D:1      | Prayed at the altar of an unknown god.
   179 | D:1      | Became a worshipper of Ignis, the Dying Flame
   390 | D:1      | Gained mutation: You have large cloven feet. [demonic
                  | ancestry]
   390 | D:1      | Reached XP level 3. HP: 14/25 MP: 3/6
  1105 | D:2      | Learned a level 2 spell: Call Imp
  1109 | D:2      | Learned a level 3 spell: Call Canine Familiar
  1319 | D:2      | Slain by a gnoll

Illustrated notes

Levels and vault maps discovered:
D:1:      lemuel_arrival_room, layout_basic, serial_forest,
          infiniplex_forest_clump_diagonal, infiniplex_forest_straight_3,
          infiniplex_forest_clump_double, infiniplex_forest_end_1,
          infiniplex_forest_lined_room_2, infiniplex_forest_clump_curved,
          hellmonk_ecumenical_altar_pennies_from_heaven
D:2:      layout_loops_corners, amethyst_killhole, dreamdust_princess_corridor,
          kennysheep_cluttered_room, amcnicky_mini_pool_small

Action                     || total
---------------------------++-------
  Melee: Club              ||    11
   Cast: Summon Small Mamm ||    45
    Use: Scroll            ||     3
   Stab: Sleeping          ||     1
 Armour: Robe              ||     6
  Dodge: Dodged            ||    31
